 Dungeon Crawl Stone Soup version 0.21-a0-13-g3fd62ac (webtiles) character file.

1801 Dfrag the Firebug (level 8, 57/57 HPs)
             Began as a Green Draconian Fire Elementalist on May 22, 2017.
             Quit the game on level 8 of the Dungeon on May 24, 2017.
             The game lasted 00:14:29 (4833 turns).

Dfrag the Firebug (DrFE)                            Turns: 4833, Time: 00:14:30

Health: 57/57      AC:  9    Str: 11    XL:     8   Next: 83%
Magic:  17/17      EV: 12    Int: 18    God:
Gold:   44         SH:  0    Dex: 11    Spells: 7/20 levels left

rFire    . . .     SeeInvis .   o - +0 trident (pierce)
rCold    + . .     Gourm    .   (no shield)
rNeg     . . .     Faith    .   (armour unavailable)
rPois    +         Spirit   .   (helmet restricted)
rElec    .         Reflect  .   (no cloak)
rCorr    .         Harm     .   C - +2 pair of gloves
MR       .....                  (no boots)
Stlth    ++........             (no amulet)
Regen    0.2/turn               t - ring of protection from cold
MPRegen  0.2/turn               (no ring)

@: no status effects
A: breathe noxious fumes, unfitting armour, poison resistance, cold-blooded, AC
+6
a: Breathe Noxious Fumes


You were on level 8 of the Dungeon.
You were not hungry.

You visited 1 branch of the dungeon, and saw 6 of its levels.

You collected 187 gold pieces.
You spent 143 gold pieces at shops.

Inventory:

Hand Weapons
 d - a +0 club
 g - a +0 whip of venom
 o - a +0 trident of piercing (weapon)
Missiles
 r - 2 throwing nets (quivered)
Armour
 C - a +2 pair of gloves (worn)
 I - the +5 ring mail of the Ban {rC+ Regen+, unknown}
   (You found it on level 8 of the Dungeon)

   It protects you from cold.
   It increases your rate of regeneration.
Jewellery
 p - an uncursed amulet of guardian spirit
 t - a ring of protection from cold (left hand)
Wands
 x - a wand of paralysis (9/24)
 A - a wand of digging (17/24)
 F - a wand of digging (10/24)
Scrolls
 e - 2 scrolls of enchant armour {unknown}
 f - 8 scrolls of identify
 h - 8 scrolls of remove curse
 j - 8 scrolls of teleportation
 m - a scroll of fear {unknown}
 s - a scroll of magic mapping {unknown}
 v - a scroll of enchant weapon {unknown}
 y - 3 scrolls of fog
 z - 3 scrolls of blinking {unknown}
 D - 2 scrolls of noise {unknown}
Potions
 c - 5 potions of might {unknown}
 i - a potion of brilliance {unknown}
 k - 4 potions of curing {unknown}
 l - a potion of mutation {unknown}
 q - 3 potions of resistance {unknown}
 u - 2 potions of heal wounds {unknown}
 w - 2 potions of haste {unknown}
 B - a potion of flight {unknown}
Books
 a - a book of Flames

   Spells                             Type                      Level
   a - Flame Tongue                   Conjuration/Fire             1
   b - Throw Flame                    Conjuration/Fire             2
   c - Conjure Flame                  Conjuration/Fire             3
   d - Inner Flame                    Hexes/Fire                   3
   e - Sticky Flame                   Conjuration/Fire             4
   f - Fireball                       Conjuration/Fire             5
Comestibles
 b - 4 bread rations
 n - a fruit
 E - 2 royal jellies
 G - 4 chunks of flesh
 H - a meat ration


   Skills:
 - Level 1.7 Dodging
 - Level 1.7 Stealth
 + Level 6.5 Spellcasting
 + Level 6.4 Conjurations
 + Level 7.2 Fire Magic


You had 7 spell levels left.
You knew the following spells:

 Your Spells              Type           Power        Failure   Level  Hunger
a - Flame Tongue          Conj/Fire      ####.        1%          1    None
b - Conjure Flame         Conj/Fire      ####....     1%          3    ##.....
c - Sticky Flame          Conj/Fire      ####....     7%          4    ####...
d - Fireball              Conj/Fire      ####......   19%         5    #####..


Dungeon Overview and Level Annotations

Branches:
Dungeon (5/15)
 Temple: D:4-7

Altars:
Fedhas
Hepliaklqana
Kikubaaqudgha
Makhleb
Okawaru
Sif Muna
Wu Jian
Zin
The Shining One

Shops:
D:5 ?

Annotations:
D:4 JeffiDaFish's ghost, novice TrEE
D:5 1 runed door


Innate Abilities, Weirdness & Mutations

You can breathe blasts of noxious fumes.
Your lurid green scales are hard. (AC +6)
You cannot fit into any form of body armour.
Your system is resistant to poisons. (rPois)
You are cold-blooded and may be slowed by cold attacks.


Message History

You open the door.
Found a steaming ring mail.
Found an escape hatch in the ceiling.
There is an open door here.
Found a buckler.
You now have 44 gold pieces (gained 11).
You see here a steaming ring mail.
I - a steaming ring mail
E - 2 royal jellies (gained 1)
There is an escape hatch in the ceiling here.
A centaur zombie comes into view.
A centaur zombie is nearby!
A centaur zombie is nearby!
Cast which spell? (? or * to list)
Aiming: Conjure Flame
Press: ? - help, Dir - move target cursor, f - centaur zombie
Aim: a centaur zombie (resting)
Okay, then.
Unknown command.
Are you sure you want to abandon this character and quit the game? (Confirm with "yes".)

###........#
#........#
+........#
#.....<..#
#........#
#[.......#
######.###
####.#
#.@..#
#.##.# #.
#.# #Z ###
#. .. ##


You could see a centaur zombie (dormant).

Vanquished Creatures
  The ghost of Dfrag the Firebug, an amateur NaFE (D:3)
  A soldier ant (D:5)
  Purgy (D:3)
  2 centaurs
  Blork the orc (D:4)
  6 scorpions
  3 crimson imps (D:5)
  A bullfrog skeleton (D:5)
  2 iguanas (D:5)
  Jessica (D:3)
  Ijyb (D:3)
  Natasha (twice) (D:3)
  4 orc wizards
  5 worker ants
  10 adders
  4 gnolls (D:5)
  A shadow imp (D:2)
  4 worms
  A dart slug (D:1)
  2 leopard geckos
  11 orcs
  7 bats
  13 giant cockroaches
  5 goblins
  11 hobgoblins
  5 jackals
  2 quokkas
  A ball python (D:4)
  3 frilled lizards
  7 kobolds
  14 rats
132 creatures vanquished.

Vanquished Creatures (collateral kills)
  A soldier ant (D:5)
  A worker ant (D:5)
2 creatures vanquished.

Vanquished Creatures (others)
  A worker ant (D:5)
  3 jackals (D:1)
4 creatures vanquished.

Grand Total: 138 creatures vanquished

Notes
Turn   | Place    | Note
-------+----------+-------------------------------------------
     0 | D:1      | Dfrag the Draconian Fire Elementalist began the quest for the Orb.
     0 | D:1      | Reached XP level 1. HP: 14/14 MP: 3/3
   135 | D:1      | Reached XP level 2. HP: 6/20 MP: 1/5
   555 | D:1      | Reached XP level 3. HP: 26/26 MP: 1/6
   991 | D:2      | Reached XP level 4. HP: 25/33 MP: 4/8
  1069 | D:2      | Found an ornate altar of the Wu Jian Council.
  1170 | D:2      | Found a deep blue altar of Sif Muna.
  1360 | D:2      | Found a burning altar of Makhleb.
  1399 | D:3      | Reached skill level 4 in Fire Magic
  1444 | D:3      | Reached XP level 5. HP: 9/38 MP: 0/9
  1648 | D:3      | Found a hazy altar of Hepliaklqana.
  1648 | D:3      | Found a glowing silver altar of Zin.
  1654 | D:3      | Found a glowing golden altar of the Shining One.
  1657 | D:3      | Noticed Dfrag's ghost (amateur NaFE)
  1775 | D:3      | Found a blossoming altar of Fedhas.
  1850 | D:3      | Noticed Purgy
  1904 | D:3      | Learned a level 4 spell: Sticky Flame
  1908 | D:3      | Noticed Jessica
  1979 | D:3      | Killed Purgy
  1983 | D:3      | Killed Jessica
  1983 | D:3      | Reached XP level 6. HP: 29/45 MP: 0/11
  2038 | D:3      | Learned a level 3 spell: Conjure Flame
  2094 | D:3      | Found an ancient bone altar of Kikubaaqudgha.
  2134 | D:3      | Noticed Ijyb
  2142 | D:3      | Paralysed by Ijyb for 4 turns
  2146 | D:3      | Killed Ijyb
  2257 | D:3      | Noticed Natasha
  2264 | D:3      | Killed Natasha
  2442 | D:3      | Noticed Natasha
  2452 | D:3      | Killed Natasha
  2462 | D:3      | Killed Dfrag's ghost
  2462 | D:3      | Reached skill level 5 in Fire Magic
  2462 | D:3      | Your scales start taking on a lurid green colour.
  2462 | D:3      | Reached XP level 7. HP: 28/50 MP: 0/14
  2462 | D:3      | Gained mutation: Your system is resistant to poisons. (rPois) [Green Draconian growth]
  2793 | D:4      | Noticed JeffiDaFish's ghost (novice TrEE)
  3214 | D:4      | Reached skill level 5 in Spellcasting
  3507 | D:4      | Noticed Blork the orc
  3519 | D:4      | Killed Blork the orc
  3756 | D:5      | Entered Level 5 of the Dungeon
  3857 | D:5      | Found a blossoming altar of Fedhas.
  3868 | D:5      | Reached skill level 5 in Conjurations
  3868 | D:5      | Reached skill level 6 in Fire Magic
  3893 | D:5      | Reached XP level 8. HP: 24/57 MP: 1/16
  4060 | D:5      | Found Xonoff's Magic Scroll Emporium.
  4073 | D:5      | Bought a scroll of identify for 22 gold pieces
  4073 | D:5      | Bought a scroll of fog for 22 gold pieces
  4073 | D:5      | Bought a scroll of identify for 22 gold pieces
  4073 | D:5      | Bought a scroll of identify for 22 gold pieces
  4073 | D:5      | Bought a scroll of teleportation for 33 gold pieces
  4073 | D:5      | Bought a scroll of identify for 22 gold pieces
  4257 | D:5      | Found a runed door.
  4346 | D:5      | Learned a level 5 spell: Fireball
  4455 | D:5      | Found a runed door.
  4479 | D:5      | Reached skill level 7 in Fire Magic
  4741 | D:5      | You fall through a shaft for 3 floors!
  4756 | D:8      | Found an iron altar of Okawaru.
  4797 | D:8      | Upgraded the game from 0.21-a0-2-ge494091 to 0.21-a0-13-g3fd62ac
  4821 | D:8      | Got a steaming ring mail
  4833 | D:8      | Quit the game

Vault maps used:
D:1:      shiori_arrival_elements, minmay_heptomino_h4
D:2:      kennysheep_six_static_rooms, makhleb_grotto_becter,
          overflow_temple_1_default, lemuel_round_altar
D:3:      nicolae_overflow_quartered_altars, kiku_gazebo_pond_becter,
          first_bread, uniq_jessica, uniq_purgy, uniq_ijyb, uniq_natasha
D:4:      hangedman_glass_teeth, doesnt_xom_only_xom, uniq_blork_the_orc
D:5:      lemuel_insect_pit, serial_shops, nicolae_shop_statue_plus,
          minmay_item_behind_shaft, minivault_1, fedhas_bush_and_centaur_altar
D:8:      okawaru_gym_becter, old_standard_altar, old_standard_altar,
          david_lair_shrubbed, uniq_gastronok, uniq_pikel

Skill      XL: |  1  2  3  4  5  6  7  8 |
---------------+-------------------------+-----
Conjurations   | 2 3 4 5 6 |  6.4
Spellcasting   | 3 4 5 6 |  6.5
Fire Magic     | 4 5 6 7 |  7.2
Dodging        | |  1.7
Stealth        | |  1.7

Action                   |  1- 3 |  4- 6 |  7- 9 || total
-------------------------+-------+-------+-------++-------
Melee: Whip              |    11 |       |       ||    11
       Club              |     6 |       |       ||     6
       Trident           |     7 |    55 |    74 ||   136
       Tailslap          |     1 |     4 |     4 ||     9
 Cast: Flame Tongue      |    48 |   104 |   113 ||   265
       Sticky Flame      |       |     1 |     2 ||     3
 Abil: Breathe Noxious F |       |       |    16 ||    16
  Use: Scroll            |       |       |     4 ||     4
 Stab: Sleeping          |     1 |     2 |       ||     3
  Eat: Chunk             |       |     6 |    11 ||    17
Armor: Skin              |    18 |    39 |    43 ||   100
Dodge: Dodged            |    31 |    74 |    79 ||   184
